[Event "*** Titled Tuesday Blitz"]
[Site "Chess.com"]
[Date "2021.02.16"]
[Round "9"]
[White "GianmarcoVaR"]
[Black "Twitch_ElhamBlitz05"]
[Result "1-0"]
[WhiteElo "2669"]
[BlackElo "2814"]
[TimeControl "180+1"]
[EndTime "11:48:34 PST"]
[Termination "GianmarcoVaR won on time"]

1. Nf3 Nf6 2. g3 g6 3. Bg2 Bg7 4. O-O O-O 5. c4 c6 6. d4 d5 7. b3 Bf5 8. Bb2 Na6 9. Nc3 Ne4 10. Nh4 Nxc3 11. Bxc3 Bc8 12. Rc1 Nc7 13. Qd3 b6 14. e4 Ba6 15. Rfd1 b5 16. exd5 bxc4 17. bxc4 cxd5 18. Ba5 Bxc4 19. Rxc4 dxc4 20. Qxc4 Rc8 21. Rc1 Qxd4 22. Bb7 Nb5 23. Bxc8 Qxc4 24. Rxc4 Nd6 25. Ba6 Nxc4 26. Bxc4 Rc8 27. Bb3 Bc3 28. Bxc3 Rxc3 29.
Kg2 e6 30. Nf3 Rd3 31. Ne5 Rd2 32. Kf3 Kg7 33. h4 h5 34. Ke3 Rd6 35. Nc4 Rd5 36. Nb2 Re5+ 37. Kd2 Rf5 38. Ke3 Re5+ 39. Kd2 g5 40. Nd3 Ra5 41. hxg5 Rxg5 42. Ke3 Ra5 43. Kf4 Kf6 44. f3 Rf5+ 45. Ke3 Rg5 46. Nf2 Kg6 47. Bc2+ Kh6 48. Ne4 Ra5 49. Bb3 f5 50. Nd6 1-0

[Event "*** Titled Tuesday Blitz"]
[Site "Chess.com"]
[Date "2021.02.16"]
[Round "9"]
[White "AlexPapasimakopoulos"]
[Black "Leo_C"]
[Result "1/2-1/2"]
[WhiteElo "2601"]
[BlackElo "2430"]
[TimeControl "180+1"]
[EndTime "11:48:34 PST"]
[Termination "Game drawn - insufficient material"]

1. d4 d5 2. c4 e6 3. Nc3 c6 4.
e3 Nf6 5. Nf3 Nbd7 6. Qc2 Bd6 7.
Be2 O-O 8. O-O dxc4 9. Bxc4 b5 10. Bb3 Bb7 11. a4 a6 12. e4 e5 13. d5 cxd5 14.
Nxd5 Nxd5 15. Bxd5 Bxd5 16. exd5 Rc8 17. Qe2 bxa4 18. Rxa4 Nc5 19. Rh4 e4 20. Ng5 h6 21.
Qh5 Be7 22. Rg4 hxg5 23. Bxg5 Bxg5 24. Rxg5 Qf6 25. Rg4 g6 26. h4 Kg7 27. Rg5 Rh8 28. Qg4 Nd3 29. b3 Qf4 30. g3 Qxg4 31. Rxg4 Rhe8 32.
Ra1 Rb8 33. Rxa6 Rxb3 34. h5 Rb1+ 35. Kg2 Rb2 36. hxg6 Rxf2+ 37. Kg1 Rb8 38. gxf7+ Kxf7 39. Ra1 Rbb2 40. Rxe4 Rg2+ 41. Kh1 Rh2+ 42. Kg1 Rbg2+ 43. Kf1 Rf2+ 44. Kg1 Rhg2+ 45. Kh1 Rh2+ 46. Kg1 Rfg2+ 47. Kf1 Rb2 48. Rh4 Rxh4 49. gxh4 Ke7 50. Ra6 Nf4 51. d6+ Kd7 52. Ra4 Ne6 53. Ra6 Rh2 54. Kg1 Rxh4 55. Kf2 Rd4 56. Ke3 Rxd6 57. Ra7+ Ke8 58. Ke4 Nd8 59. Ke5 Rd7 60. Ra1 Re7+ 61. Kf6 Rf7+ 62. Kg6 Re7 63. Rd1 Rd7 64. Rxd7 Kxd7 1/2-1/2

[Event "*** Titled Tuesday Blitz"]
[Site "Chess.com"]
[Date "2021.02.16"]
[Round "9"]
[White "maxip32"]
[Black "Vincent_Vega95"]
[Result "1-0"]
[WhiteElo "2540"]
[BlackElo "2683"]
[TimeControl "180+1"]
[EndTime "11:48:35 PST"]
[Termination "maxip32 won by resignation"]

1. e4 c5 2. Nf3 d6 3. d4 cxd4 4. Nxd4 Nf6 5. Nc3 a6 6. Be2 e5 7.
Nb3 Be7 8. Be3 O-O 9. g4 Be6 10. g5 Nfd7 11. Qd2 Nc6 12. h4 a5 13. Nd5 a4 14.
Nc1 Nc5 15. f3 Bxd5 16. exd5 Nb8 17. Nd3 Nbd7 18. Nxc5 Nxc5 19. O-O-O Qb6 20. a3 f5 21. f4 e4 22. Kb1 Rfc8 23. Qb4 Qc7 24. Rc1 Rab8 25. h5 b5 26. h6 g6 27. Bd2 Kf7 28. Ka2 Rg8 29. Qd4 Qb6 30. Be3 Qa5 31. Qb4 Qb6 32.
Rcd1 Rgc8 33. Qd4 Rg8 34. Rc1 Qc7 35. Rhd1 Rb7 36. b4 axb3+ 37. cxb3 b4 38. axb4 Ra7+ 39. Kb2 Rga8 40. bxc5 Ra2+ 41. Kb1 Rxe2 42. Qg7+ Ke8 43. Qg8+ Bf8 44. Qe6+ Qe7 45. cxd6 Qxe6 46. dxe6 Rxe3 47. d7+ Ke7 48. Rc8 Rxb3+ 49. Kc2 1-0

[Event "*** Titled Tuesday Blitz"]
[Site "Chess.com"]
[Date "2021.02.16"]
[Round "9"]
[White "Anton_Demchenko"]
[Black "bakki78"]
[Result "1/2-1/2"]
[WhiteElo "2895"]
[BlackElo "2731"]
[TimeControl "180+1"]
[EndTime "11:48:36 PST"]
[Termination "Game drawn by repetition"]

1. e4 c5 2. Nf3 Nc6 3. Nc3 d6 4. d4 cxd4 5. Nxd4 Nf6 6. Bg5 e6 7. Qd3 a6 8. Nxc6 bxc6 9. O-O-O h6 10. Bf4 d5 11. Be2 Bb4 12. Qg3 Bxc3 13. Qxc3 Nxe4 14.
Qxg7 Qf6 15. Qxf6 Nxf6 16. f3 a5 17. Rd2 Ba6 18. Bd1 Ke7 19. Re1 Nd7 20. b3 a4 21.
Kb2 f6 22. Be3 e5 23. c3 axb3 24. axb3 Rhb8 25. Bc2 h5 26. Ra1 Bb7 27. Rdd1 c5 28. Rxa8 Rxa8 29. Re1 Kd6 30. Bf2 d4 31. Bh4 Bd5 32.
c4 Be6 33. Be4 Ra7 34. f4 exf4 35. Rf1 Ke5 36. Re1 Kd6 37. Rf1 f5 38. Bc2 Ne5 39. Bg5 Ng6 40. h4 Rb7 41. Kc1 Ke5 42. Re1+ Kd6 43.
Bd1 Bf7 44. Kc2 Ra7 45. Kb2 Rb7 46. Kc2 Ra7 47. Kb1 Rb7 48. Kc2 1/2-1/2

[Event "*** Titled Tuesday Blitz"]
[Site "Chess.com"]
[Date "2021.02.16"]
[Round "9"]
[White "ZiggyStardust64"]
[Black "ikhasu"]
[Result "1-0"]
[WhiteElo "2572"]
[BlackElo "2411"]
[TimeControl "180+1"]
[EndTime "11:48:37 PST"]
[Termination "ZiggyStardust64 won on time"]

1. c4 e5 2. Nc3 Nf6 3. Nf3 Nc6 4. e4 Bb4 5. d3 h6 6. a3 Bxc3+ 7. bxc3 d6 8. Be2 O-O 9. O-O Ne7 10. Ne1 Ng6 11. g3 Bh3 12. Ng2 c6 13. f4 exf4 14. gxf4 Qd7 15. f5 Ne7 16. Rf2 Bxg2 17. Rxg2 Kh8 18. Bf4 Nh7 19. Qd2 d5 20. Qe3 dxe4 21. dxe4 Ng8 22. Rd1 Qe7 23. Kh1 Rfe8 24. Bf3 Rad8 25. Rdg1 Ngf6 26. Rxg7 Nxe4 27. Bxe4 Qxe4+ 28. Qxe4 Rxe4 29. Bxh6 Rh4 30. Rxh7+ Kxh7 31. Bg5 Rxc4 32. Bxd8 Rxc3 33. f6 Rxa3 34. Rg7+ Kh8 35. Rxf7 Rb3 36. Be7 Rf3 37.
Rg7 a5 38. Kg2 Rf5 39. Rg4 b5 40. Rd4 Kg8 41. Rd8+ Kf7 42. Rc8 1-0

[Event "*** Titled Tuesday Blitz"]
[Site "Chess.com"]
[Date "2021.02.16"]
[Round "9"]
[White "HrvojeZagreb"]
[Black "SergeyShtyka"]
[Result "0-1"]
[WhiteElo "2260"]
[BlackElo "2470"]
[TimeControl "180+1"]
[EndTime "11:48:37 PST"]
[Termination "SergeyShtyka won on time"]

1. d4 c5 2. d5 e5 3. e4 d6 4. f4 exf4 5. Bxf4 Be7 6. Nc3 a6 7. a4 Bf6 8. Nf3 Qe7 9. Bd3 Nd7 10. O-O Ne5 11. Nxe5 Bxe5 12. Bxe5 Qxe5 13. Qf3 Nf6 14. Qf4 Qxf4 15. Rxf4 Nd7 16. a5 Ne5 17. Na4 Bd7 18. Nb6 Rd8 19. Nc4 Nxc4 20. Bxc4 f6 21. Rb1 Bb5 22.
Bxb5+ axb5 23. b4 Rc8 24. c4 bxc4 25. b5 Ra8 26. Ra1 Kd7 27. Kf2 Ra7 28. Rf3 Rha8 29.
Rfa3 c3 30. b6 Ra6 31. Ke3 c4 32. Rxc3 Rxa5 33. Rxa5 Rxa5 34. Rxc4 Ra3+ 35. Kf4 Ra2 36. Rc7+ Kd8 37. Rxg7 h5 38. Kf5 Kc8 39. Kxf6 Re2 40.
Kf5 h4 41. Rc7+ Kb8 42. Rh7 Kc8 43. Rxh4 Rxg2 44. Ke6 Rg6+ 45. Kf7 Rg2 46. Kf6 Rg8 0-1

[Event "*** Titled Tuesday Blitz"]
[Site "Chess.com"]
[Date "2021.02.16"]
[Round "9"]
[White "Walter_White_Poland"]
[Black "xberli"]
[Result "0-1"]
[WhiteElo "2349"]
[BlackElo "2492"]
[TimeControl "180+1"]
[EndTime "11:48:37 PST"]
[Termination "xberli won on time"]

1. e4 e5 2. Nf3 Nc6 3. Bb5 a6 4. Ba4 Nf6 5. O-O Be7 6. d4 exd4 7. e5 Nd5 8. Nxd4 Nb6 9. Bb3 d5 10. exd6 cxd6 11. Nc3 O-O 12. Bf4 d5 13. Nf3 d4 14. Ne4 Bg4 15. h3 Bh5 16. Ng3 Bg6 17.
Re1 Nd5 18. Qd2 Nxf4 19. Qxf4 Bf6 20. Rad1 Re8 21. Rxe8+ Qxe8 22. h4 h5 23. Re1 Qb8 24.
Qxb8+ Rxb8 25. Ng5 Rd8 26. N3e4 Be5 27. Nc5 b6 28. Nd3 Bf6 29. Nf4 Bxg5 30. hxg5 Bf5 31. g6 Kf8 32. gxf7 Ne7 33. Ne6+ Bxe6 34. Rxe6 Rb8 35.
Rd6 Nf5 36. Rd5 g6 37. Rd7 b5 38. a3 a5 39. g3 a4 40. Bd5 Nh6 41. Kf1 Rc8 42.
Be4 Nxf7 43. Bxg6 Ne5 0-1

[Event "*** Titled Tuesday Blitz"]
[Site "Chess.com"]
[Date "2021.02.16"]
[Round "9"]
[White "Ladislav1969"]
[Black "Alex-11211"]
[Result "1-0"]
[WhiteElo "2331"]
[BlackElo "2384"]
[TimeControl "180+1"]
[EndTime "11:48:38 PST"]
[Termination "Ladislav1969 won on time"]

1. e4 e5 2. Bc4 Nc6 3. d3 Nf6 4.
Nf3 Be7 5. c3 O-O 6. Bb3 d5 7.
Nbd2 Be6 8. O-O Qd7 9. Ng5 Bg4 10. f3 Bh5 11. Qe2 Rad8 12. Nh3 dxe4 13. dxe4 Qd3 14. Qxd3 Rxd3 15. Nf2 Bc5 16. Bc4 Rd7 17. Nb3 Bb6 18. a4 a6 19. Re1 Ne8 20. Be3 Nd6 21.
Bd5 Ne7 22. Bxb6 Nxd5 23. exd5 cxb6 24. Rxe5 Bg6 25. Nd2 f6 26. Re2 Rc8 27. Rc1 b5 28.
axb5 axb5 29. Nfe4 Nc4 30. Nxc4 bxc4 31. Rd1 b6 32.
Kf2 Bf7 33. Red2 Rcd8 34. d6 Bg6 35. Rd4 Bxe4 36. fxe4 Kf7 37. Ke3 Ke6 38. Rxc4 Rxd6 39. Rxd6+ Rxd6 40. Rd4 Rc6 41. c4 Rc8 42. b4 g6 43. Kd3 Ke5 44. Rd5+ Kf4 45. Rd6 f5 46. exf5 gxf5 47. Rxb6 Rd8+ 48. Kc3 Ke3 49. Rf6 f4 50. c5 1-0

[Event "*** Titled Tuesday Blitz"]
[Site "Chess.com"]
[Date "2021.02.16"]
[Round "9"]
[White "DrVelja"]
[Black "Jospem"]
[Result "1-0"]
[WhiteElo "2890"]
[BlackElo "3003"]
[TimeControl "180+1"]
[EndTime "11:48:40 PST"]
[Termination "DrVelja won on time"]

1. e4 c5 2. Nf3 d6 3. d4 cxd4 4. Nxd4 a6 5. c4 Nf6 6. Nc3 e6 7. Be2 b6 8. Be3 Bb7 9. f3 Nbd7 10. O-O Be7 11. Qd2 O-O 12. Rfc1 Rc8 13. a4 Qc7 14. a5 bxa5 15. Nb3 a4 16. Nxa4 Qb8 17.
Na5 Ba8 18. b4 d5 19. c5 dxe4 20. fxe4 Rfd8 21. Qe1 Ne5 22. h3 Nd3 23. Bxd3 Rxd3 24. Nb6 Rcd8 25. c6 Bd6 26. Nxa8 Qxa8 27. Nb7 Be5 28.
Nxd8 Qxd8 29. c7 Bxc7 30. Rxa6 h6 31. Rac6 Ne8 32. b5 Kh7 33. b6 Be5 34. Rc8 Qd7 35.
Bf2 Nd6 36. R8c7 Qb5 37. R7c5 Qb2 38. R1c2 Qb3 39. Rc1 Bf4 40. Rb1 Qa3 41. e5 Nb7 42. Qe4+ Kg8 43. Rc7 Bg3 44. Bxg3 Rxg3 45. Rc8+ 1-0

[Event "*** Titled Tuesday Blitz"]
[Site "Chess.com"]
[Date "2021.02.16"]
[Round "9"]
[White "Vanina1989"]
[Black "Kislov_Oleg"]
[Result "1-0"]
[WhiteElo "2735"]
[BlackElo "2537"]
[TimeControl "180+1"]
[EndTime "11:48:41 PST"]
[Termination "Vanina1989 won by resignation"]

1. d4 Nf6 2. c4 e6 3. Nf3 d5 4.
Nc3 Bb4 5. Qa4+ Nc6 6. e3 O-O 7. Qc2 a6 8. Bd2 h6 9. cxd5 exd5 10. Bd3 Bd6 11. a3 Re8 12. h3 Bd7 13. O-O Qc8 14. Nh2 Bxh3 15. gxh3 Qxh3 16. f4 Ng4 17. Bc1 Nxe3 18.
Bxe3 Rxe3 19. Bf5 Qg3+ 20. Qg2 Nxd4 21. Bg4 Qh4 22. Nf3 Nxf3+ 23. Rxf3 Rxf3 24. Qxf3 c6 25. Rf1 Re8 26. Kg2 Qf6 27. Bh3 g6 28. f5 g5 29. Kh1 Qe5 30. Qg2 Kg7 31. f6+ Kh7 32. Bf5+ Kg8 33. Bb1 Kf8 34. Nd1 b5 35. Nf2 h5 36.
Nh3 g4 37. Nf4 Qxf6 38. Qf2 Qg7 39. Nxh5 Qg8 40. Qf6 Re6 41. Qd8+ Re8 42. Qxd6+ Re7 43. Qh6+ Ke8 44. Nf6+ 1-0

[Event "*** Titled Tuesday Blitz"]
[Site "Chess.com"]
[Date "2021.02.16"]
[Round "9"]
[White "ajedrez1101"]
[Black "lucachess49"]
[Result "0-1"]
[WhiteElo "2123"]
[BlackElo "2357"]
[TimeControl "180+1"]
[EndTime "11:48:44 PST"]
[Termination "lucachess49 won on time"]

1. d4 Nf6 2. Bf4 e6 3. e3 b6 4.
Nf3 Bb7 5. c4 d6 6. h3 Nbd7 7. Nc3 g6 8. Bd3 Qe7 9. e4 Bg7 10. O-O O-O 11. Be3 c5 12. d5 e5 13.
Qd2 Nh5 14. Rfe1 a6 15. g4 Nf4 16. Bxf4 exf4 17. Qxf4 Rae8 18. Qg3 Bc8 19. Nh4 Be5 20. f4 Bxf4 21. Qxf4 Qxh4 22. Qxd6 Ne5 23. Re3 h5 24. Be2 hxg4 25. hxg4 Bxg4 26. Bxg4 Qxg4+ 27. Kf2 Qf4+ 28.
Ke2 Qh2+ 29. Kd1 Qg1+ 30. Re1 Qd4+ 31. Kc2 Qd3+ 32. Kc1 Nxc4 33. Qf4 Ne5 34. Rd1 Qc4 35. Kc2 b5 36. b3 Qb4 37. a3 Qa5 38. Rh1 f6 39.
Qh6 Re7 40. Qh8+ Kf7 41. Rh7+ Ke8 42. Rxe7+ Kxe7 43. d6+ Ke8 44. Qg7 Rf7 45. Qg8+ Rf8 46. Qg7 Qd8 47. Nd5 Qxd6 48. Rd1 Rf7 49. Nxf6+ Qxf6 50.
Qg8+ Rf8 0-1

[Event "*** Titled Tuesday Blitz"]
[Site "Chess.com"]
[Date "2021.02.16"]
[Round "9"]
[White "safikiet"]
[Black "Kapibara_Warri0r"]
[Result "1/2-1/2"]
[WhiteElo "2300"]
[BlackElo "2184"]
[TimeControl "180+1"]
[EndTime "11:48:44 PST"]
[Termination "Game drawn by repetition"]

1. e4 e5 2. Nf3 Nc6 3. Nc3 Nf6 4. Bb5 Nd4 5. Bc4 d6 6. h3 a5 7. d3 c6 8. a4 Be7 9. Nxd4 exd4 10. Ne2 c5 11.
O-O O-O 12. f4 d5 13. exd5 Nxd5 14. Ng3 Bh4 15. Qf3 Nf6 16. f5 Bxg3 17. Qxg3 Kh8 18. Bg5 Qb6 19. Qh4 Bd7 20. b3 Rae8 21. Rae1 Rxe1 22.
Rxe1 Bxf5 23. Rf1 Bg6 24. Bxf6 gxf6 25. Rxf6 Qd8 26. Qf4 Qe7 27. Qf2 Qe5 28. Rb6 f5 29. Rxb7 f4 30. Qf3 Bh5 31. Qd5 Qe1+ 32. Kh2 Qg3+ 33.
Kg1 f3 34. Rxh7+ Kxh7 35. Qxh5+ Kg7 36. Qg4+ Qxg4 37. hxg4 f2+ 38. Kf1 Kh6 39. Bd5 Kg5 40. Bf3 Kf4 41. Kxf2 Rh8 42. Ke1 Rh1+ 43. Kd2 Rg1 44.
Ke2 Rc1 45. Kd2 Rg1 46. Ke2 Ra1 47. Kd2 Rg1 1/2-1/2

[Event "*** Titled Tuesday Blitz"]
[Site "Chess.com"]
[Date "2021.02.16"]
[Round "9"]
[White "TimofeevAr"]
[Black "mishanick"]
[Result "0-1"]
[WhiteElo "2884"]
[BlackElo "3007"]
[TimeControl "180+1"]
[EndTime "11:48:45 PST"]
[Termination "mishanick won on time"]

1. c4 Nf6 2. Nc3 e5 3. e3 Bb4 4.
Nge2 O-O 5. a3 Be7 6. Ng3 c6 7. d4 exd4 8. Qxd4 d5 9. cxd5 cxd5 10. Bb5 Nc6 11. Bxc6 bxc6 12. O-O c5 13. Qd3 Qd6 14.
Rd1 Rd8 15. b4 c4 16. Qd4 Bg4 17. f3 Be6 18. Bb2 a5 19. b5 Qc7 20. Nce2 a4 21.
Qd2 Nd7 22. Bd4 Nc5 23. Bxc5 Bxc5 24. Nd4 Re8 25. Nge2 Qb6 26. Kh1 Rad8 27. Nc3 Ra8 28. Qc2 Qa7 29. Nc6 Qb7 30. Nd4 Qe7 31. Nxa4 Bd6 32. Nc3 Qh4 33. f4 Bxa3 34. b6 Bc5 35. Rxa8 Rxa8 36. b7 Rb8 37. f5 Bxd4 38. exd4 Bd7 39. Nxd5 Rxb7 40. Qxc4 h6 41. Rf1 Qe4 42.
Nc3 Qe3 43. d5 Rb8 44. Ne4 Rc8 45. Qb4 Qe2 0-1

[Event "*** Titled Tuesday Blitz"]
[Site "Chess.com"]
[Date "2021.02.16"]
[Round "9"]
[White "Tactictic"]
[Black "jd001"]
[Result "1-0"]
[WhiteElo "2424"]
[BlackElo "2267"]
[TimeControl "180+1"]
[EndTime "11:48:45 PST"]
[Termination "Tactictic won by resignation"]

1. e4 e6 2. d4 d5 3. Nd2 Nf6 4.
e5 Nfd7 5. Bd3 c5 6. c3 Nc6 7. Ne2 cxd4 8. cxd4 f6 9. exf6 Nxf6 10. O-O Bd6 11.
Nf3 Qc7 12. Bg5 O-O 13. Rc1 a6 14. Re1 Nh5 15. a3 g6 16. Bh4 Qg7 17. Qd2 Bd7 18. Bg5 Rxf3 19. gxf3 Nxd4 20. Nxd4 Qxd4 21. Bf1 Qg7 22. h4 Qf7 23. Bh3 Re8 24. Kg2 Nf4+ 25. Bxf4 Bxf4 26. Qb4 Bxc1 27. Rxc1 Rf8 28. Rc3 Bc6 29.
Re3 e5 30. Qd6 Qf6 31. Qe6+ Qxe6 32. Bxe6+ Kg7 33. Rxe5 d4 34. Bd5 Kf6 35. Re6+ Kf5 36. Bc4 Rd8 37. Re1 d3 38. Kg3 d2 39. Rd1 Ba4 40.
b3 b5 41. Bf7 Rd7 42. bxa4 Rxf7 43. Rxd2 bxa4 44. Rd4 Rf6 45. Rxa4 Ke5 46. Ra5+ Kd4 47. Kg4 h6 48. f4 Rc6 49. f5 gxf5+ 50. Kxf5 Kc4 51.
h5 Kb3 52. f4 Rb6 53. Ke5 Rb5+ 54. Rxb5+ axb5 55. f5 Kxa3 56. f6 b4 57. f7 b3 58.
f8=Q+ Ka2 59. Qa8+ 1-0

[Event "*** Titled Tuesday Blitz"]
[Site "Chess.com"]
[Date "2021.02.16"]
[Round "9"]
[White "agartha01"]
[Black "QuintilianoR"]
[Result "1-0"]
[WhiteElo "2498"]
[BlackElo "2696"]
[TimeControl "180+1"]
[EndTime "11:48:47 PST"]
[Termination "agartha01 won by resignation"]

1. d4 Nf6 2. Bf4 d5 3. e3 c5 4. Nf3 Nc6 5. Nbd2 e6 6. c3 Be7 7. Bd3 Nh5 8. Bg3 g6 9. O-O Nxg3 10. hxg3 O-O 11. dxc5 Bxc5 12. e4 Re8 13. exd5 exd5 14. Nb3 Bf8 15. Nbd4 Bg7 16. Re1 Rxe1+ 17. Qxe1 Bd7 18.
Qe3 Qb6 19. b3 Re8 20. Qf4 Ne5 21. Nxe5 Bxe5 22. Qh4 Kg7 23. Ne2 Bf6 24. Qf4 Bf5 25.
Qf3 Be4 26. Bxe4 Rxe4 27. Rd1 Qa6 28. Nf4 Qxa2 29. Nxd5 Re6 30. c4 Qc2 31. Nf4 Rb6 32.
Nd5 Rd6 33. Kh2 Re6 34. Nf4 Re5 35. Rd7 Re1 36. Nd5 Qb2 37. Rxb7 h5 38. Qxf6+ Qxf6 39. Nxf6 Kxf6 40. Rxa7 Re2 41. f3 Rb2 42. Rb7 g5 43. c5 Rc2 44. b4 Rc4 45. Rb6+ Kf5 46. c6 f6 47. b5 Ke6 48. Rb7 h4 49. gxh4 Rxh4+ 50. Kg3 Rb4 51. c7 Kd7 52. b6 f5 53.
Rb8 1-0

[Event "*** Titled Tuesday Blitz"]
[Site "Chess.com"]
[Date "2021.02.16"]
[Round "9"]
[White "KeithArkell"]
[Black "Spriteball"]
[Result "1-0"]
[WhiteElo "2529"]
[BlackElo "2382"]
[TimeControl "180+1"]
[EndTime "11:48:47 PST"]
[Termination "KeithArkell won by resignation"]

1. d4 d5 2. Nf3 Nf6 3. c4 c6 4. Qc2 dxc4 5. Qxc4 Bf5 6. g3 e6 7. Bg2 Be7 8. O-O O-O 9. Bg5 Nbd7 10. Nbd2 h6 11.
Bxf6 Nxf6 12. Qb3 Qc7 13. Rac1 Rfd8 14. e3 Ne4 15. Nxe4 Bxe4 16. Rc3 Rac8 17. Rfc1 Qb8 18. Ne5 Bxg2 19. Kxg2 Bf6 20. Ng4 Be7 21. Ne5 Bf6 22. Nd3 e5 23. Nxe5 Bxe5 24. dxe5 Qxe5 25. Qxb7 Rb8 26.
Qxc6 Rxb2 27. R3c2 Rb6 28. Qc7 Qe4+ 29. Kg1 Ra8 30. Qc4 Qxc4 31. Rxc4 Rb2 32. Rc8+ Rxc8 33. Rxc8+ Kh7 34. Rc7 Rxa2 35. Rxf7 Kg6 36. Rc7 a5 37. g4 a4 38. Ra7 a3 39. Kg2 Kf6 40. h4 Ra1 41. h5 a2 42. Kf3 Ke5 43. Ra5+ Ke6 44.
Ke4 Kf6 45. f4 Ke6 46. Ra6+ Kf7 47. Kf5 Re1 48. Rxa2 Rxe3 49. Ra7+ Kf8 50. Kg6 Re6+ 51. Kh7 Rf6 52. Rxg7 Rxf4 53. Kxh6 Rf1 54. g5 Rg1 55.
Ra7 Rh1 56. Ra8+ Kf7 57. g6+ Kf6 58. Rf8+ Ke7 59. g7 1-0

[Event "*** Titled Tuesday Blitz"]
[Site "Chess.com"]
[Date "2021.02.16"]
[Round "9"]
[White "Evachess2006"]
[Black "1g60-1"]
[Result "0-1"]
[WhiteElo "1603"]
[BlackElo "2112"]
[TimeControl "180+1"]
[EndTime "11:48:47 PST"]
[Termination "1g60-1 won on time"]

1. e4 g6 2. d4 Bg7 3. Nc3 d6 4. Nf3 Nf6 5. Be2 O-O 6. O-O a6 7. Be3 b5 8. a3 Bb7 9. e5 Ne8 10. exd6 cxd6 11. Bd3 Nf6 12. Qe2 Nc6 13. Ne4 Nxe4 14.
Bxe4 e5 15. dxe5 dxe5 16. Rad1 Qc7 17. c4 bxc4 18. Qxc4 Kh8 19. Bd5 f5 20. Rc1 Rac8 21.
Bc5 Rfe8 22. Bxc6 Qxc6 23. b3 f4 24. Bb4 e4 25. Qxc6 Bxc6 26. Nd2 e3 27. fxe3 fxe3 28. Nc4 Bd4 29. Rfe1 Rf8 30. Re2 Bd7 31. Rd1 Bg4 32.
Rxd4 Bxe2 33. g3 Bxc4 34. bxc4 e2 35. Re4 Rce8 36. Bc3+ Kg8 37. Rxe8 Rxe8 38. Kf2 Kf7 39.
Ke1 g5 40. a4 Kg6 41. Bd2 Kf5 42. a5 Ke4 43. Kf2 Kd3 44. Ke1 Kxc4 45. Bxg5 Kb5 46.
Bd2 Re6 47. g4 Kc4 48. h3 Kd3 49. Bb4 Rc6 50. Bd2 Rc8 51. Bg5 Rf8 0-1

[Event "*** Titled Tuesday Blitz"]
[Site "Chess.com"]
[Date "2021.02.16"]
[Round "9"]
[White "stoleriu"]
[Black "ckgchess"]
[Result "0-1"]
[WhiteElo "2620"]
[BlackElo "2763"]
[TimeControl "180+1"]
[EndTime "11:48:50 PST"]
[Termination "ckgchess won by resignation"]

1. e4 c5 2. Nf3 d6 3. Bb5+ Nd7 4. d4 cxd4 5. Qxd4 a6 6. Bxd7+ Bxd7 7. O-O e5 8. Qd3 h6 9. c4 b5 10. Nc3 bxc4 11. Qxc4 Nf6 12. Rd1 Be7 13. Ne1 O-O 14. Nc2 Be6 15. Qd3 Qb6 16. Ne3 Rfc8 17. b3 Qd4 18.
Bb2 Qxd3 19. Rxd3 Rc6 20. Rad1 Rac8 21. Ncd5 Bxd5 22. Nxd5 Nxd5 23. Rxd5 Rc2 24. R5d2 Bg5 25. Rxc2 Rxc2 26. Ba3 Rxa2 27. Bxd6 f6 28. g3 Bd2 29. Bc5 Kf7 30. Kg2 h5 31. Kf3 g5 32. h3 Rc2 33.
Be3 Bxe3 34. Kxe3 Rb2 35. Rd3 g4 36. h4 Ke6 37. Rc3 Kd6 38. Rd3+ Kc5 39. Rd5+ Kc6 40. Rd3 Kc5 41. Rd5+ Kb4 42. Rd6 Rxb3+ 43. Ke2 a5 44.
Rxf6 a4 45. Rb6+ Kc3 46. Ra6 a3 47. Ra5 Kb2 48. Rxe5 a2 49. Ra5 a1=Q 50. Rxa1 Kxa1 51. e5 Kb2 0-1

[Event "*** Titled Tuesday Blitz"]
[Site "Chess.com"]
[Date "2021.02.16"]
[Round "9"]
[White "GregShahade"]
[Black "AlexeiShirov"]
[Result "0-1"]
[WhiteElo "2663"]
[BlackElo "2840"]
[TimeControl "180+1"]
[EndTime "11:48:51 PST"]
[Termination "AlexeiShirov won by resignation"]

1. e4 e5 2. Nf3 Nc6 3. Bb5 a6 4. Ba4 Nf6 5. O-O Be7 6. Re1 b5 7. Bb3 d6 8. c3 O-O 9. h3 Nb8 10. d4 Nbd7 11. Nbd2 Bb7 12. Bc2 Re8 13. Nf1 Bf8 14. Ng3 g6 15. a4 c5 16. d5 c4 17. Bg5 Be7 18. Qd2 Nc5 19. Ra3 Nfd7 20. Be3 Qc7 21. Rea1 Nb6 22. axb5 axb5 23. Nh2 Rxa3 24.
Rxa3 Nba4 25. Ra2 Bc8 26. Qe2 h5 27. Nf3 Bd7 28. Ng5 Rb8 29. Nxh5 Qd8 30. Bxa4 Bxg5 31. Bd1 gxh5 32. Qxh5 Bxe3 33. fxe3 Qf6 34. Ra7 Qg6 35. Qf3 Be8 36. Be2 Qxe4 37. Qg3+ Qg6 38. Qh4 b4 39. Bh5 Qg7 40. Qe7 bxc3 41. bxc3 Nd7 42. g4 Qh6 43. Kf2 Qf6+ 44. Qxf6 Nxf6 45. Kf3 Nxd5 46.
Ra6 Nxc3 47. Rxd6 Nb5 48. Rd1 c3 49. Rc1 Rc8 50. g5 Bc6+ 51. Ke2 Be4 52. Bg4 Rc7 53.
Rb1 c2 54. Rc1 Nc3+ 55. Kd2 Na2 56. Rxc2 Rxc2+ 0-1

[Event "*** Titled Tuesday Blitz"]
[Site "Chess.com"]
[Date "2021.02.16"]
[Round "9"]
[White "PowerThinking2650"]
[Black "Artem_Sadovsky"]
[Result "1-0"]
[WhiteElo "2445"]
[BlackElo "2565"]
[TimeControl "180+1"]
[EndTime "11:48:55 PST"]
[Termination "PowerThinking2650 won by resignation"]

1. e4 c6 2. d4 d5 3. Nc3 dxe4 4.
Nxe4 Nd7 5. Ng5 Ngf6 6. Bd3 e6 7. N1f3 Bd6 8. Qe2 Qe7 9. Bd2 h6 10. Ne4 Nxe4 11. Qxe4 Nf6 12. Qe2 Bd7 13. O-O-O O-O-O 14. Ne5 Kb8 15. Rhe1 Ka8 16. Nxd7 Qxd7 17. f4 Nd5 18. g3 Rhf8 19. Be4 Rfe8 20. c4 Nf6 21. Bf3 Qc7 22. Bc3 c5 23. dxc5 Bxc5 24. Rxd8+ Rxd8 25. Rd1 Rxd1+ 26. Qxd1 Qd6 27. Qxd6 Bxd6 28. b4 Kb8 29. Kc2 b6 30. Kb3 Kc7 31. Ka4 a6 32. Bd4 Be7 33. Be5+ Bd6 34. Bd4 Be7 35. a3 g5 36. fxg5 hxg5 37. h4 g4 38. Be2 Nh5 39. Bxg4 Nxg3 40. h5 Ne4 41. h6 Bf6 42. Bxf6 Nxf6 43. Bh5 e5 44. Bxf7 e4 45. Bg6 e3 46. Bd3 Kd6 47. Kb3 Ke5 48. Kc2 Kd4 49. h7 Nxh7 50. Bxh7 Kxc4 51.
Bd3+ Kd4 52. Bxa6 Kd5 53. Kd3 e2 54. Kxe2 Kd4 55. Kd2 Kd5 56. Kd3 Kc6 57. Kc4 Kd6 58. Kb5 Kc7 59. a4 Kb8 60. Kxb6 Ka8 61. Bb5 Kb8 62.
Bd7 Ka8 63. b5 Kb8 64. a5 Ka8 65. Kc7 Ka7 66. b6+ Ka6 67. b7 Kxa5 68. b8=Q Ka6 1-0

[Event "*** Titled Tuesday Blitz"]
[Site "Chess.com"]
[Date "2021.02.16"]
[Round "9"]
[White "Rodchenkov_Vitalij"]
[Black "Fortitudine"]
[Result "1-0"]
[WhiteElo "2544"]
[BlackElo "2327"]
[TimeControl "180+1"]
[EndTime "11:48:56 PST"]
[Termination "Rodchenkov_Vitalij won by resignation"]

1. e4 c5 2. Nf3 d6 3. d4 cxd4 4. Nxd4 Nf6 5. Nc3 Nc6 6. Be3 Ng4 7. Bg5 h6 8. Bh4 g5 9. Bg3 Bg7 10. Bb5 Bd7 11. Nxc6 bxc6 12. Be2 Ne5 13. h4 Rb8 14. Rb1 Qa5 15. hxg5 Rxb2 16. Qd2 Nf3+ 17. gxf3 Bxc3 18. Rxb2 Bxd2+ 19. Kf1 O-O 20. gxh6 Kh8 21. Rb7 Rd8 22. Kg2 Bc3 23. Rhb1 Qg5 24. f4 Qg6 25. Bd3 f5 26. Rxd7 Rxd7 27. Rb8+ Kh7 28. exf5 Qf6 29. Bh4 Kxh6 30. Bxf6 Bxf6 31. Rc8 c5 32. Bc4 d5 33.
Bb5 Rb7 34. Rxc5 Rb6 35. Rxd5 a6 36. Bd3 Rb2 37. a4 Rb4 38. a5 Rxf4 39. Bxa6 Bd4 40.
f3 Kg5 41. Kg3 Rxf5 42. Rxd4 Rxa5 43. Rg4+ Kf6 44. Bd3 e5 45. Rg6+ Kf7 46. Rb6 Rc5 47.
Be4 Rc3 48. Kg4 Rc7 49. Kf5 Ke7 50. Re6+ Kd7 51. Rxe5 Kd6 52. Re6+ Kc5 53. Rc6+ Rxc6 54. Bxc6 Kxc6 55. Ke6 1-0

[Event "*** Titled Tuesday Blitz"]
[Site "Chess.com"]
[Date "2021.02.16"]
[Round "9"]
[White "szachuspl"]
[Black "OlifantCZ"]
[Result "1-0"]
[WhiteElo "2476"]
[BlackElo "2315"]
[TimeControl "180+1"]
[EndTime "11:48:57 PST"]
[Termination "szachuspl won on time"]

1. d4 Nf6 2. c4 g6 3. Nc3 Bg7 4. e4 O-O 5. Nf3 d6 6. Be2 e5 7.
Be3 Nc6 8. d5 Ne7 9. Nd2 c6 10.
O-O c5 11. a3 b6 12. b4 Nd7 13. f3 f5 14. Nb3 f4 15. Bf2 g5 16. bxc5 bxc5 17.
Nb5 Nf6 18. g4 fxg3 19. hxg3 h5 20. Kg2 Ng6 21. Be3 g4 22. Bg5 gxf3+ 23. Bxf3 h4 24.
Bh5 Qd7 25. Rh1 h3+ 26. Kh2 Nxe4 27. Be3 Nf4 28. Bf3 Ng2 29. Bxg2 hxg2 30. Kxg2 a6 31. Qh5 Nf6 32. Qg6 axb5 33. Nd2 Qf5 34. Qxf5 Bxf5 35. cxb5 Ng4 36. Bg5 Bd3 37. a4 Rf2+ 38. Kh3 Bf5 39. Nc4 Ne3+ 40. g4 Nxc4 41. gxf5 Rxf5 42. Be7 Kf7 43. Bh4 Rh8 44. Raf1 Ne3 45. Rxf5+ Nxf5 46. Kg4 Rxh4+ 47. Rxh4 Nxh4 48. b6 Ng6 49. b7 e4 50.
b8=Q Ne5+ 51. Kf5 e3 52. Qb1 Bh6 53. a5 1-0